 Dungeon Crawl Stone Soup version 0.28-a0-1493-g08698888e4 (webtiles) character file.

Game seed: 305003344565137776

1 blank1 the Magician (level 1, -8/15 HPs)
             Began as a Djinni Hedge Wizard on Jan 12, 2022.
             Mangled by a gnoll (9 damage)
             ... on level 1 of the Dungeon.
             The game lasted 00:00:28 (73 turns).

blank1 the Magician (Djinni Hedge Wizard)             Turns: 73, Time: 00:00:29

Health: -8/15      AC:  2    Str:  9    XL:     1   Next: 22%
Gold:   24         EV: 12    Int: 15    God:
                   SH:  0    Dex: 12

rFire   + + .      SeeInvis .   a - +0 dagger
rCold   x . .      Faith    .   (no shield)
rNeg    . . .      Spirit   .   b - +0 robe
rPois   ∞          Reflect  .   c - +0 hat
rElec   .          Harm     .   (no cloak)
rCorr   .          Rampage  .   (no gloves)
Will    .....                   (boots unavailable)
Stlth   ++........              (no amulet)
HPRegen 0.05/turn               (no ring)
MPRegen 0.00/turn               (no ring)

@: flying
A: sickness immunity, fire resistance 2, cold vulnerability 1, float, innate
caster, hp casting, extra vitality 1
a: no special abilities


You were on level 1 of the Dungeon.
You visited 1 branch of the dungeon, and saw 1 of its levels.

You collected 24 gold pieces.

Inventory:

Hand Weapons
 a - a +0 dagger (weapon)
Armour
 b - a +0 robe (worn)
 c - a +0 hat (worn)


   Skills:
 + Level 0.1 Fighting
 + Level 2.2 Dodging
 + Level 1.6 Stealth
 + Level 2.4 Spellcasting


You couldn't memorise any spells.
You knew the following spells:

 Your Spells              Type           Power      Damage    Failure   Level
a - Magic Dart            Conj           36%        1d4       8%          1
b - Blink                 Tloc           18%        N/A       12%         2
c - Call Imp              Summ           9%         N/A       12%         2
d - Slow                  Hex            36%        N/A       8%          1
e - Conjure Flame         Conj/Fire      9%         6-21      24%         3
f - Mephitic Cloud        Conj/Pois/Air  9%         N/A       24%         3
Your spell library was empty.

Dungeon Overview and Level Annotations

Branches:
Dungeon (1/15)

Altars:


Innate Abilities, Weirdness & Mutations

You are immune to sickness and miasma.
You are immune to poison.
Your flesh is very heat resistant. (rF++)
You are vulnerable to cold. (rC-)
You float through the air rather than walking.
You learn spells naturally, not from books.
Your magical power is your life essence.
You have superior vitality. (+4 MHP)


Message History

You now have 13 gold pieces.
You see here 12 stones.
A goblin comes into view. It is wielding a +0 dagger.
The magic dart hits the goblin.
You kill the goblin!
You can't see any susceptible monsters within range! (Use Z to cast anyway.) HP restored.
Things that are here:
a +0 dagger; a goblin corpse You now have 24 gold pieces (gained 11).
A gnoll comes into view. It is wielding a +0 club.
The magic dart hits the gnoll but does no damage.
The gnoll shouts!
The magic dart hits the gnoll.
The gnoll is lightly wounded.
The magic dart hits the gnoll.
The gnoll is moderately wounded.
A gnoll is nearby!
A gnoll is nearby!
You hit the gnoll.
The gnoll is severely wounded.
The gnoll hits you with a +0 club!
Ouch! That really hurt!
* * * LOW HITPOINT WARNING * * *
You completely miss the gnoll.
The gnoll is severely wounded.
A quokka comes into view.
The gnoll closely misses you.
You hit the gnoll but do no damage.
The gnoll is severely wounded.
The gnoll completely misses you.
You hit the gnoll.
The gnoll is severely wounded.
The gnoll hits you with a +0 club.
* * * LOW HITPOINT WARNING * * *
You hit the gnoll but do no damage.
The gnoll is severely wounded.
The gnoll hits you with a +0 club!
Ouch! That really hurt!
You die...

.....).# .#####.#
.# #.##### .#
#.....#
######.###.#######
#≈≈≈≈### #.......#
#≈≈≈≈≈# #######.#
#≈≈#≈≈# #.#
#≈≈≈≈≈# #@#
#≈≈°≈≈# #.g......
#≈○≈≈≈# ...r.....
#≈≈≈≈≈# .#......#.
# ≈#≈§# #.##.#.###
#≈≈≈≈≈# # ....
#≈☼≈≈≈# .# ## #≈≈≈
#. ####


You could see a gnoll and a quokka.

Vanquished Creatures
  A goblin (D:1)
1 creature vanquished.

Notes
Turn   | Place    | Note
-------+----------+-------------------------------------------
     0 | D:1      | blank1 the Djinni Hedge Wizard began the quest for the Orb.
     0 | D:1      | Reached XP level 1. HP: 15/15 MP: 0/0
    73 | D:1      | Mangled by a gnoll

Illustrated notes

Levels and vault maps discovered:
D:1:      saegor_arrival_miasma, layout_loops_ring

Action                   || total
-------------------------++-------
Melee: Dagger            ||     5
 Cast: Magic Dart        ||     4
Dodge: Dodged            ||     2

Table legend: (Time is in decaauts)
 A = Elapsed time spent in this place.
 B = Non-inter-level travel time spent in this place.
 C = Inter-level travel time spent in this place.
 D = Time resting spent in this place.
 E = Time spent auto-exploring this place.
 F = Levels seen in this place.
 G = Mean time per level.
                   A        B        C        D        E       F      G
               +--------+--------+--------+--------+--------+-----+--------+
         Total |     73 |     73 |      0 |      0 |     60 |   1 |   73.0 |
       Dungeon |     73 |     73 |      0 |      0 |     60 |   1 |   73.0 |
               +--------+--------+--------+--------+--------+-----+--------+

Top non-repeatable levels by time:
     D:1: 73 daAuts
